 Dungeon Crawl Stone Soup version 0.18-a0-82-gaf82852 (webtiles) character file.

120 Proton the Skirmisher (level 5, -7/49 HPs)
             Began as a Naga Fighter on Nov 13, 2015.
             Mangled by bluenote's ghost (11 damage)
             ... on level 3 of the Dungeon.
             The game lasted 00:04:45 (1409 turns).

Proton the Skirmisher (Naga Fighter)                Turns: 1409, Time: 00:04:45

Health: -7/49      AC:  6    Str: 19    XL:     5   Next: 4%
Magic:  5/5        EV:  3    Int:  8    God:
Gold:   139        SH:  9    Dex: 11    Spells: 0 memorised, 4 levels left

rFire  . . .     SeeInvis +     a - +0 flail
rCold  . . .     Clarity  .     m - +0 chain mail (curse)
rNeg   . . .     SustAt   .     c - +0 shield
rPois  +         Gourm    .     (no helmet)
rElec  .         Spirit   .     (no cloak)
rCorr  .         Warding  .     (no gloves)
rMut   .         Stasis   .     (no barding)
MR     .....                    (no amulet)
Stlth  ..........               o - ring of stealth
                                l - ring of poison resistance

@: very slow, not resistant to hostile enchantments, extremely unstealthy
A: see invisible, deformed body, poison resistance, slowness 2, slow metabolism
1, spit poison 2, AC +1
a: Spit Poison


You were on level 3 of the Dungeon.
You were not hungry.

You visited 1 branch of the dungeon, and saw 3 of its levels.

You collected 139 gold pieces.

Inventory:

Hand Weapons
 a - a +0 flail (weapon)
Armour
 c - a +0 shield (worn)
 m - a cursed +0 chain mail (worn)
Jewellery
 l - a ring of poison resistance (left hand)
 o - a ring of stealth (right hand)
Scrolls
 b - a scroll of identify {unknown}
 i - a scroll of enchant weapon {unknown}
 j - 2 scrolls of remove curse {unknown}
 q - a scroll of teleportation {unknown}
Potions
 d - a potion of might
 g - a potion of invisibility {unknown}
 h - a potion of heal wounds {unknown}
 k - a potion of resistance {unknown}
 n - a potion of agility {unknown}
 p - a potion of flight {unknown}
 r - a potion of poison {unknown}
 s - a potion of brilliance {unknown}
 t - a potion of degeneration {unknown}
Comestibles
 e - 2 bread rations
 f - 2 fruits


   Skills:
 + Level 3.6 Fighting
 + Level 2.9 Maces & Flails
 + Level 3.0 Armour
 + Level 1.4 Dodging
 + Level 2.8 Shields


You had 4 spell levels left.
You didn't know any spells.

Dungeon Overview and Level Annotations

Branches:
Dungeon (3/15)

Altars:
Dithmenos

Annotations:
D:3 bluenote's ghost, weakling GrGl


Innate Abilities, Weirdness & Mutations

You cannot wear boots.
Your serpentine skin is tough (AC +1).
You have supernaturally acute eyesight.
Armour fits poorly on your strangely shaped body.
Your system is resistant to poisons.
You cover ground very slowly.
You have a slow metabolism.
You can spit poison.


Message History

Bluenote's ghost hits you.
* * * LOW HITPOINT WARNING * * *
Press: ? - help, Shift-Dir - straight line, f - orc
Aim: an orc, wielding a club The splash of poison misses bluenote's ghost.
The splash of poison misses the orc.
You feel slightly more hungry.
Bluenote's ghost hits you but does no damage.
You barely miss bluenote's ghost.
Bluenote's ghost is moderately damaged.
Bluenote's ghost hits you!
* * * LOW HITPOINT WARNING * * *
Bluenote's ghost barely misses you.
Your shield prevents you from hitting bluenote's ghost.
Bluenote's ghost is moderately damaged.
You have got your breath back.
Bluenote's ghost barely misses you.
Your chain mail prevents you from hitting bluenote's ghost.
Bluenote's ghost is moderately damaged.
Bluenote's ghost hits you!
You die...

#...[.# #
#.....#####.#
#...........#
#.###..###### #..
#..## #.# #.##
#.##.###.## ## .
#.........####.####..
##.###.##..@Wo.......
#.######......# #.#
#......#
#.......o....##
...........#.#
##..<......# #
#######.... #..#..
#.##...


You could see bluenote's ghost and an orc.

Vanquished Creatures
  An orc wizard (D:3)
  4 adders (D:2)
  An ooze (D:2)
  2 worms
  2 giant geckos
  2 orcs (D:3)
  A ball python (D:2)
  A giant cockroach (D:1)
  7 hobgoblins
  3 quokkas
  5 bats
  3 giant newts
  2 goblins
  5 kobolds
  8 rats
47 creatures vanquished.

Notes
Turn   | Place    | Note
--------------------------------------------------------------
     0 | D:1      | Proton the Naga Fighter began the quest for the Orb.
     0 | D:1      | Reached XP level 1. HP: 21/21 MP: 1/1
     7 | D:1      | Noticed a swamp drake
     7 | D:1      | Noticed a crocodile
     7 | D:1      | Noticed a wolf
   180 | D:1      | Reached XP level 2. HP: 25/28 MP: 2/2
   485 | D:2      | Reached XP level 3. HP: 25/34 MP: 3/3
   606 | D:2      | Reached skill level 1 in Dodging
   870 | D:2      | Reached XP level 4. HP: 37/42 MP: 4/4
  1072 | D:2      | Found a shadowy altar of Dithmenos.
  1388 | D:3      | Noticed bluenote's ghost (weakling GrGl)
  1403 | D:3      | Reached XP level 5. HP: 15/49 MP: 5/5
  1409 | D:3      | Mangled by bluenote's ghost

Vault maps used:
D:1:      onia_arrival_zoo_common, minmay_misc_feat_chi
D:2:      grunt_dithmenos_smoke_and_mirrors, minmay_misc_feat_hallway
D:3:      minmay_overflow_temple_star_hex, kennysheep_vampire_church,
          gup_sewer_entry_spiral

Action                   |  1- 3 |  4- 6 || total
-------------------------+-------+-------++-------
Melee: Flail             |   116 |    74 ||   190
 Abil: Spit Poison       |     2 |     1 ||     3
  Eat: Royal jelly       |       |     1 ||     1
